 Dungeon Crawl Stone Soup version 0.17-a0-1769-g54adf96 (webtiles) character file.

83 luca467 the Insei (level 4, -3/37 HPs)
             Began as a Demonspawn Monk on Sept 7, 2015.
             Slain by a worm (9 damage)
             ... on level 4 of the Dungeon.
             The game lasted 00:13:19 (2655 turns).

luca467 the Insei (Demonspawn Monk)                 Turns: 2655, Time: 00:13:19

Health: -3/37      AC:  2    Str: 11    XL:     4   Next: 22%
Magic:  4/4        EV: 13    Int: 12    God:
Gold:   99         SH:  0    Dex: 16    Spells: 0 memorised, 3 levels left

rFire  . . .     SeeInvis +       - Unarmed
rCold  + . .     Clarity  .     q - +0 robe
rNeg   . . .     SustAt   .     (no shield)
rPois  .         Gourm    .     (no helmet)
rElec  .         Spirit   .     (no cloak)
rCorr  .         Warding  .     (no gloves)
rMut   .         Stasis   .     (no boots)
MR     .....                    (no amulet)
Stlth  ++........               (no ring)
                                c - ring of see invisible

@: not resistant to hostile enchantments, unstealthy
A: talons 1, cold resistance 1, rot immunity
a: no special abilities


You were on level 4 of the Dungeon.
You were not hungry.

You visited 1 branch of the dungeon, and saw 4 of its levels.

You collected 99 gold pieces.

Inventory:

Armour
 q - a +0 robe (worn)
Jewellery
 c - a ring of see invisible (left hand)
Scrolls
 d - 3 scrolls of identify
 e - 2 scrolls of enchant armour {unknown}
 h - a scroll of fog {unknown}
 l - a scroll of teleportation {unknown}
 m - a scroll of remove curse {unknown}
 p - 2 scrolls of fear {unknown}
Potions
 f - a potion of mutation {unknown}
 g - 2 potions of brilliance {unknown}
 i - a potion of agility {unknown}
Books
 k - a book of Beasts

   Spells                             Type                      Level
   a - Summon Butterflies             Summoning                    1
   b - Call Canine Familiar           Summoning                    3
   c - Summon Ice Beast               Ice/Summoning                4
   d - Summon Mana Viper              Hexes/Summoning              5
   e - Summon Hydra                   Summoning                    7
Comestibles
 b - 3 bread rations
 j - 2 meat rations


   Skills:
 + Level 3.7 Fighting
 + Level 3.1 Dodging
 - Level 1.7 Stealth
 * Level 4.5 Unarmed Combat


You had 3 spell levels left.
You didn't know any spells.

Dungeon Overview and Level Annotations

Branches:
Dungeon (4/15)
 Temple: D:4-7

Altars:
Elyvilon
Fedhas


Innate Abilities, Weirdness & Mutations

You have sharp toenails.
Your flesh is cold resistant.
You are immune to rotting.


Message History

You barely miss the worm. You hit the worm. You punch the worm.
The worm is heavily wounded.
The worm bites you!
You completely miss the worm.
The worm is heavily wounded.
You barely miss the worm. You claw the worm, but do no damage.
The worm is heavily wounded.
The worm bites you.
* * * LOW HITPOINT WARNING * * *
The worm bites you.
* * * LOW HITPOINT WARNING * * *
You climb downwards.
There is a stone staircase leading up here.
You punch the worm!
The worm is severely wounded.
You hit the worm. You claw the worm, but do no damage.
The worm is almost dead.
The worm bites you!
You die...

#######
#@w...#
###.....#
#.... #..
#


You could see a worm.

Vanquished Creatures
  3 adders
  A worm (D:2)
  3 orcs (D:3)
  4 bats
  2 giant cockroaches
  8 goblins
  3 hobgoblins (D:3)
  11 kobolds
  A ball python (D:1)
  2 giant geckos
  4 giant newts
  9 rats
51 creatures vanquished.

Notes
Turn   | Place    | Note
--------------------------------------------------------------
     0 | D:1      | luca467 the Demonspawn Monk began the quest for the Orb.
     0 | D:1      | Reached XP level 1. HP: 18/18 MP: 1/1
    82 | D:1      | Gained mutation: You have sharp toenails. [demonic ancestry]
    82 | D:1      | Reached XP level 2. HP: 18/24 MP: 2/2
   846 | D:2      | Reached skill level 4 in Unarmed Combat
   846 | D:2      | Gained mutation: Your flesh is cold resistant. [demonic ancestry]
   846 | D:2      | Reached XP level 3. HP: 19/29 MP: 3/3
  1006 | D:2      | Found a white marble altar of Elyvilon.
  1225 | D:2      | Found a blossoming altar of Fedhas.
  2053 | D:3      | Gained mutation: You are immune to rotting. [demonic ancestry]
  2053 | D:3      | Reached XP level 4. HP: 31/36 MP: 4/4
  2655 | D:4      | Slain by a worm

Vault maps used:
D:1:      minmay_arrival_three_doors
D:2:      old_standard_altar, elyvilon_altar_5
D:3:      first_bread
D:4:      serial_shops, shop, mrwooster_statue_mirror, minmay_crossroads

Action                   |  1- 3 |  4- 6 || total
-------------------------+-------+-------++-------
Melee: Unarmed           |   154 |    48 ||   202
  Use: Scroll            |     1 |       ||     1
 Stab: Sleeping          |     2 |     1 ||     3
  Eat: Chunk             |     3 |     1 ||     4
       Pizza             |       |     1 ||     1
